 Dungeon Crawl Stone Soup version 0.28.0-49-g6dfe1f597d (webtiles) character file.

Game seed: 11842737365171547390

161 bnorton916 the Magician (level 5, 0/28 HPs)
             Began as a Deep Elf Fire Elementalist on May 19, 2022.
             Succumbed to a scorpion's poison
             ... on level 4 of the Dungeon.
             The game lasted 00:08:48 (2871 turns).

bnorton916 the Magician (DEFE)                      Turns: 2871, Time: 00:08:49

Health: 0/28       AC:  5    Str:  3 (5)  XL:     5   Next: 19%
Magic:  11/14      EV: 12    Int: 21 (22) God:
Gold:   100        SH:  0    Dex: 14 (15) Spells: 12/13 levels left

rFire   . . .      SeeInvis .   t - +2 dagger (venom)
rCold   . . .      Faith    .   (no shield)
rNeg    . . .      Spirit   .   a - +0 robe
rPois   .          Reflect  .   o - +0 helmet
rElec   .          Harm     .   i - +1 cloak
rCorr   .          Rampage  .   (no gloves)
Will    .....                   (no boots)
Stlth   ++........              (no amulet)
HPRegen 0.09/turn               (no ring)
MPRegen 0.14/turn               (no ring)

@: lethally poisoned (0 -> -26)
A: no striking features
a: no special abilities


You were on level 4 of the Dungeon.
You visited 1 branch of the dungeon, and saw 4 of its levels.

You collected 100 gold pieces.

Inventory:

Hand Weapons
 t - a +2 dagger of venom (weapon)
Missiles
 d - 52 stones
 f - 6 boomerangs
 j - 2 javelins
Armour
 a - a +0 robe (worn)
 i - a +1 cloak (worn)
 o - a +0 helmet (worn)
Magical Staves
 l - a staff of death
Scrolls
 b - a scroll of blinking {unknown}
 e - a scroll of teleportation {unknown}
 g - a scroll of enchant weapon {unknown}
 h - 2 scrolls of fog {unknown}
 m - a scroll of magic mapping {unknown}
 r - a scroll of immolation {unknown}
Potions
 c - a potion of attraction {unknown}
 k - a potion of heal wounds {unknown}
 n - a potion of curing {unknown}
 p - a potion of magic {unknown}
 q - 2 potions of flight {unknown}
 s - 2 potions of degeneration


   Skills:
 - Level 2.4 Dodging
 - Level 2.4 Stealth
 + Level 4.9 Spellcasting
 + Level 3.2 Conjurations
 + Level 4.6 Fire Magic


You had 12 spell levels left.
You knew the following spells:

 Your Spells              Type           Power      Damage    Failure   Level
a - Foxfire               Conj/Fire      84%        2x1d8     2%          1

Your spell library contained the following spells:

 Spells                   Type           Power      Damage    Failure   Level
 Scorch                   Fire           48%        2d7       2%          2
 Conjure Flame            Conj/Fire      21%        6-21      7%          3
 Animate Skeleton         Necr           10%        N/A       11%         1
 Apportation              Tloc           10%        N/A       11%         1
 Summon Small Mammal      Summ           20%        N/A       11%         1
 Inner Flame              Hex/Fire       14%        N/A       13%         3
 Dazzling Flash           Conj/Hex       22%        N/A       17%         3
 Ignite Poison            Fire/Tmut/Pois 11%        N/A       17%         3
 Flame Wave               Conj/Fire      21%        2d7       22%         4
 Sticky Flame             Conj/Fire      21%        2d4       22%         4
 Iskenderun's Mystic Bla  Conj/Tloc      11%        2d4       50%         4
 Starburst                Conj/Fire      10%        6d5       98%         6


Dungeon Overview and Level Annotations

Branches:
Dungeon (4/15)
 Temple: D:4-7

Altars:

Shops:
D:2 *


Message History

Confirm with . or Enter, or press ? or * to list all spells.
You conjure some foxfire!
The scorpion barely misses you.
The foxfire hits the scorpion but does no damage.
The scorpion is heavily wounded.
The foxfire hits the scorpion.
The scorpion is heavily wounded.
The scorpion stings you but does no damage.
Unknown command.
Casting: Foxfire (safe; 1% risk of failure)
Confirm with . or Enter, or press ? or * to list all spells.
You conjure some foxfire!
The scorpion stings you.
You are poisoned.
The scorpion poisons you!
You feel very sick.
The foxfire hits the scorpion.
The scorpion is heavily wounded.
The foxfire hits the scorpion but does no damage.
The scorpion is heavily wounded.
The scorpion stings you but does no damage.
Unknown command.
Casting: Foxfire (safe; 1% risk of failure)
Confirm with . or Enter, or press ? or * to list all spells.
You conjure some foxfire!
You feel very sick. The scorpion barely misses you. The scorpion stings you.
You are lethally poisoned!
The scorpion poisons you!
You feel very sick.
The foxfire hits the scorpion.
The scorpion is severely wounded.
The foxfire hits the scorpion but does no damage.
The scorpion is severely wounded.
The scorpion stings you.
* * * LOW HITPOINT WARNING * * *
You are more poisoned.
The scorpion poisons you!
It was a potion of degeneration.
There was something very wrong with that liquid.
You feel weakened.
You feel dopey.
You feel clumsy.
You die...

..# #.# #.# #.# #.#
. ###.##########.
#.##
#...ยง@s........
#...##............#.
#..#...#####......
#.........#......
..###...###.# .....
.... #.##..# ...##
....##.#...# ###
#........#.#
#........#.######


You could see a scorpion.

Vanquished Creatures
  A hound (D:4)
  An orc wizard (D:4)
  Robin (D:3)
  2 adders
  4 worms
  5 orcs
  6 bats
  2 endoplasms
  4 giant cockroaches
  9 goblins (D:3)
  7 hobgoblins
  4 jackals (D:2)
  2 quokkas
  2 ball pythons
  4 frilled lizards (D:1)
  2 kobolds (D:3)
  2 rats
  A spectral kobold (D:1)
59 creatures vanquished.

Vanquished Creatures (collateral kills)
  A foxfire (D:2)
1 creature vanquished.

Vanquished Creatures (others)
  199 foxfires
199 creatures vanquished.

Grand Total: 259 creatures vanquished

Notes
Turn   | Place    | Note
-------+----------+-------------------------------------------
     0 | D:1      | bnorton916 the Deep Elf Fire Elementalist began the quest
                  | for the Orb.
     0 | D:1      | Reached XP level 1. HP: 10/10 MP: 6/6
   309 | D:1      | Reached XP level 2. HP: 15/15 MP: 5/8
   344 | D:1      | Found a faded altar of an unknown god.
   920 | D:2      | Reached XP level 3. HP: 19/19 MP: 0/10
  1078 | D:2      | Found Ehein's Assorted Antiques.
  2114 | D:3      | Noticed Robin
  2124 | D:3      | Killed Robin
  2125 | D:3      | Reached XP level 4. HP: 24/24 MP: 8/12
  2630 | D:4      | Noticed a scorpion
  2801 | D:4      | Reached XP level 5. HP: 28/28 MP: 10/14
  2871 | D:4      | Succumbed to a scorpion's poison

Illustrated notes

Levels and vault maps discovered:
D:1:      dpeg_arrival_pits, layout_basic,
          dreamdust_ecumenical_altar_drowned_temple
D:2:      layout_rooms, serial_shops, shop
D:3:      layout_basic, uniq_robin
D:4:      layout_rooms, serial_co_window_serial, co_window_corner_a,
          co_window_corner_a, co_window_paths_a, co_window_paths_a,
          co_window_corner_a, co_window_paths_b, co_window_paths_a,
          co_window_corner_a, co_window_paths_b, co_window_2corner,
          co_window_of_opportunity_c, co_window_corner_cb, co_window_4corner_a,
          co_window_sun, glass_columns_c, glass_columns_c, glass_columns_a,
          glass_columns_b, glass_columns_b, hex_intersection

Skill      XL: |  1  2  3  4 |
---------------+-------------+-----
Conjurations   | 2 3 |  3.2
Fire Magic     | 4 |  4.6
Spellcasting   | 4 |  4.9
Dodging        | |  2.4
Stealth        | |  2.4

Action                   |  1- 3 |  4- 6 || total
-------------------------+-------+-------++-------
 Cast: Foxfire           |    80 |    39 ||   119
  Use: Potion            |       |     1 ||     1
Armor: Robe              |     8 |     7 ||    15
Dodge: Dodged            |    17 |     6 ||    23
